AoeStats
← Sid

Arabia

509297707Analyzed
2v2 RM · 5d ago on Sep 26, 2026· 39m 16s· 4 players
Game mode
Random Map
Map size
Medium (4 player)
Population
200
Speed
Normal
Resources
Standard
Victory
Conquest
Starting age
Dark Age
Ending age
Imperial Age
RankedLock teamsTeams togetherTeam positionsShared explorationLock speedFull tech treeHidden civsTurbo modeCheats
Victory
Defeat
🇯🇵 Vikings · Japan
1352
+12
🇯🇵 Varangians · Japan
1317
+13
🇫🇷 Wei · France
1292
-14
🇫🇷 Danes · France
1228
-11
fumin.jp
5:59 Loom
9:34 Feudal Age
10:14 Double-Bit Axe
20:44 Fletching
20:58 Padded Archer Armor
24:43 Castle Age
23:15 Horse Collar
23:26 Gold Mining
26:57 Castle Age
27:01 Crossbowman
27:36 Bodkin Arrow
27:57 Leather Archer Armor
29:05 Bow Saw
28:56 Heavy Plow
29:31 Gold Shaft Mining
31:27 Ballistics
32:56 Stone Mining
38:35 Imperial Age
37:23 Town Watch
38:09 Elite Skirmisher
38:44 Arbalester
39:29 Bracer
40:04 Ring Archer Armor
40:40 Chemistry
Sid
7:04 Loom
9:12 Feudal Age
9:52 Double-Bit Axe
10:12 Horse Collar
17:54 Wheelbarrow
17:47 Bloodlines
19:59 Scale Barding Armor
24:15 Castle Age
22:29 Forging
22:10 Gold Mining
22:39 Fletching
23:16 Stone Mining
25:17 Chain Barding Armor
24:19 Light Cavalry
27:22 Heavy Plow
28:04 Husbandry
29:24 Iron Casting
29:16 Bow Saw
31:03 Pikeman
39:18 Bodkin Arrow
Le zigouilleur²
4:15 Loom
6:53 Loom
9:27 Feudal Age
9:28 Man-at-Arms
20:15 Castle Age
18:07 Double-Bit Axe
19:43 Horse Collar
20:07 Scale Mail Armor
20:18 Forging
21:29 Bow Saw
24:20 Arson
24:38 Squires
25:17 Chain Mail Armor
37:58 Wheelbarrow
37:09 Town Watch
38:07 Heavy Plow
LABRUTTI
6:37 Loom
9:04 Feudal Age
10:06 Double-Bit Axe
14:12 Horse Collar
19:20 Bloodlines
23:01 Castle Age
22:54 Fletching
23:06 Padded Archer Armor
23:13 Scale Barding Armor
23:09 Padded Archer Armor
24:41 Gold Mining
26:20 Husbandry
26:18 Light Cavalry
27:22 Bow Saw
29:04 Thumb Ring
29:56 Ballistics
31:08 Bodkin Arrow
31:29 Leather Archer Armor
31:35 Chain Barding Armor
33:43 Forging
36:36 Gold Shaft Mining
Connection lost

Rejoining the realm…

Still unreachable

The connection could not be restored.

Session expired

The server has moved on; the page needs a fresh start.